 Dungeon Crawl Stone Soup version 0.31.0-12-g77e489cdc1 (webtiles) character file.

Game seed: 4359004146153918570

565 Killerpretzel the Changeling (level 7, -1/46 HPs)
             Began as an Octopode Shapeshifter on Feb 11, 2024.
             Killed from afar by an orc wizard (8 damage)
             ... with a magic dart
             ... on level 4 of the Dungeon on Feb 12, 2024.
             The game lasted 00:09:15 (3980 turns).

Killerpretzel the Changeling (OpSh)                 Turns: 3980, Time: 00:09:15

Health: -1/46      AC:  1    Str: 14    XL:     7   Next: 32%
Magic:  7/7        EV: 14    Int: 12    God:
Gold:   138        SH:  0    Dex: 13    Spells: 6/6 levels left

rFire   . .          .
                       - Unarmed
rCold   + . .        (no shield)
rNeg    . . .        (helmet currently unavailable)
rPois   .            o - amulet of faith
rElec   .            n - ring of protection from cold
rCorr   .            (no ring)
SInv    .            (no ring)
Will    .....        (no ring)
Stlth   ++           (no ring)
HPRegen 0.27/turn    (no ring)
MPRegen 0.10/turn    (no ring)
                     (no ring)

%: faith
@: beast-form
A: beast (slay +3), almost no armour, amphibious, 8 rings, camouflage 1,
gelatinous body 1, (nimble swimmer 1), tentacles
a: Begin Untransformation


You were on level 4 of the Dungeon.
You were a hulking beast.
You visited 1 branch of the dungeon, and saw 4 of its levels.
You also visited: Sewer.

You collected 138 gold pieces.

Inventory:

Jewellery
 n - a ring of protection from cold (left tentacle)
 o - an amulet of faith (around mantle)
Talismans
 b - a beast talisman
 c - a flux talisman
Scrolls
 d - 2 scrolls of teleportation
 e - a scroll of poison {unknown}
 h - a scroll of enchant armour
 k - a scroll of identify
Potions
 a - a potion of curing {unknown}
 f - a potion of mutation {unknown}
 g - a potion of magic {unknown}
 i - 2 potions of resistance {unknown}
 j - a potion of degeneration
 l - a potion of brilliance {unknown}
 m - 2 potions of might {unknown}


   Skills:
 + Level 3.3 Fighting
 + Level 3.8 Dodging
 + Level 4.4 Unarmed Combat
 * Level 5.3 Shapeshifting


You had 6 spell levels left.
You didn't know any spells.
Your spell library contained the following spells:

 Spells                   Type           Power      Damage    Failure   Level
 Apportation              Tloc           0%         N/A       32%         1
 Necrotise                Necr           0%         1d4       32%         1
 Sting                    Conj/Alch      0%         1d3       32%         1
 Summon Small Mammal      Summ           0%         N/A       32%         1


Dungeon Overview and Level Annotations

Branches:
Dungeon (4/15)              Sewer (visited)
 Temple: D:4-7

Altars:
Fedhas

Shops:
D:1 =

Annotations:
D:3 2 transporters, Jessica; koorschki's ghost, amateur DsIE


Innate Abilities, Weirdness & Mutations

You are a hulking beast.
Your limbs bulge with bestial killing power. (Slay +3)
You cannot wear most types of armour.
You are amphibious.
You can wear up to eight rings at the same time.
Your skin changes colour to match your surroundings (Stealth+).
Your rubbery body absorbs attacks. (AC +1, EV +1)
((You are camouflaged when in or above water. (Stealth+)))
You have tentacles for arms and can constrict up to eight enemies at once.


Message History

You barely miss the orc priest. Your grab misses the orc priest.
The orc priest is heavily wounded.
The orc priest mumbles some strange prayers to Beogh against you.
Beogh smites you!
You tentacle-slap the orc priest. You grab the orc priest.
The orc priest is severely wounded.
You constrict the orc priest. The orc priest completely misses you.
Okay, then.
You tentacle-slap the orc priest.
You squeeze the orc priest, but do no damage.
The orc priest is almost dead.
You constrict the orc priest.
You kill the orc priest!
Something hits you.
Things that are here:
a +2 flail of holy wrath; a +0 ring mail You tentacle-slap something.
Something hits you.
You tentacle-slap something. Something hits you but does no damage.
You miss something. Your squeeze misses something. Something hits you.
You miss something. Something completely misses you.
You tentacle-slap something. Something hits you.
* * * LOW HITPOINT WARNING * * *
You tentacle-slap something. Something hits you.
* * * LOW HITPOINT WARNING * * *
You miss something. Your squeeze misses something.
You hear some strange, mumbled words.
Something tries to affect you, but you resist.
You tentacle-slap something but do no damage.
Your squeeze misses something. You miss something.
Your squeeze misses something. Something closely misses you.
You miss something. Your squeeze misses something. Something hits you.
* * * LOW HITPOINT WARNING * * *
You closely miss something. Your squeeze misses something.
Something hits you but does no damage.
You miss something. Your squeeze misses something.
You hear some strange, mumbled words.
A magic dart appears from out of thin air!
The magic dart hits you!
You die... ########## .........# ####.#######.# oo#

#.# #{#
#####.##### #h#
#.........## # ###
#.#.###.###.##.#.#
....#
#.#.........#.###.
#.#.#
#.#####.###### #.#
#.#.###.# #.# #.##
#.#.##..# #.# ##
#.....#.# #.#
##...###.## #.#
#..## #.# #.####


You could see 2 orcs.

Vanquished Creatures
  Pargi (Sewer)
  A phantom (D:4)
  A brain worm (Sewer)
  A hound (D:4)
  3 orc priests
  A bombardier beetle (D:4)
  Robin (D:2)
  5 adders
  A white imp (D:4)
  3 ribbon worms
  3 dart slugs
  4 orcs
  7 bats
  5 endoplasms
  3 giant cockroaches
  15 goblins
  8 hobgoblins
  4 jackals (D:2)
  3 quokkas
  9 ball pythons
  7 frilled lizards
  3 kobolds
  25 rats
114 creatures vanquished.

Notes
Turn   | Place    | Note
-------+----------+-------------------------------------------
     0 | D:1      | Killerpretzel the Octopode Shapeshifter began the quest for
                  | the Orb.
     0 | D:1      | Reached XP level 1. HP: 13/13 MP: 1/1
   178 | D:1      | Found Nikell's Jewellery Boutique.
   197 | D:1      | Reached XP level 2. HP: 16/18 MP: 2/2
   750 | D:1      | You fall into a shaft and drop 1 floor!
   807 | D:2      | Reached XP level 3. HP: 14/23 MP: 3/3
  1010 | D:2      | Noticed Robin
  1020 | D:2      | Killed Robin
  1031 | D:2      | Reached XP level 4. HP: 29/29 MP: 4/4
  1917 | D:3      | Found a transporter.
  1919 | D:3      | Noticed koorschki's ghost (amateur DsIE)
  1920 | D:3      | Found a transporter.
  1938 | D:3      | Reached skill level 4 in Shapeshifting
  1938 | D:3      | Reached XP level 5. HP: 29/34 MP: 5/5
  2628 | D:3      | Noticed Jessica
  3071 | D:4      | Found a blossoming altar of Fedhas.
  3122 | D:4      | Reached XP level 6. HP: 22/41 MP: 6/6
  3358 | D:4      | Found a glowing drain.
  3392 | Sewer    | Entered a sewer
  3447 | Sewer    | Noticed Pargi
  3463 | Sewer    | Killed Pargi
  3464 | Sewer    | Reached skill level 5 in Shapeshifting
  3546 | Sewer    | Reached XP level 7. HP: 34/46 MP: 5/7
  3980 | D:4      | Killed from afar by an orc wizard

Illustrated notes

Levels and vault maps discovered:
D:1:      elethiomel_arrival_infinity_welcomes_careful_drivers, layout_basic,
          serial_shops, nicolae_diamond_shop, serial_rivers,
          chequers_serial_rivers_micro_b, chequers_serial_rivers_micro_b,
          chequers_serial_rivers_small_b, chequers_serial_rivers_small_b,
          chequers_serial_rivers_micro_a
D:2:      layout_loops_ring, minmay_tromino_i2, uniq_robin
D:3:      layout_basic, tgw_sif, gammafunk_ghost_mausoleum, grunt_decor_cap,
          minmay_rat_hole
D:4:      layout_loops_corners, fedhas_altar_1, cheibrodos_sewer_entry_drain,
          minmay_puff

Skill      XL: |  1  2  3  4  5  6 |
---------------+-------------------+-----
Fighting       | 2 3 |  3.3
Shapeshifting  | 4 5 |  5.3
Dodging        | 3 |  3.8
Unarmed Combat | 4 |  4.4

Action                     |  1- 3 |  4- 6 |  7- 9 || total
---------------------------+-------+-------+-------++-------
  Melee: Unarmed           |    60 |   152 |    31 ||   243
         Constrict         |    15 |    33 |     3 ||    51
         Tentacles         |    10 |    35 |     3 ||    48
         Punch             |     1 |     5 |     1 ||     7
    Use: Potion            |     1 |     1 |       ||     2
         Scroll            |       |     8 |       ||     8
   Stab: Sleeping          |    10 |     9 |     3 ||    22
         Distracted        |       |     1 |       ||     1
 Armour: Skin              |    28 |    63 |    11 ||   102
  Dodge: Dodged            |    26 |    74 |    11 ||   111
